SAAA
VERMONT LAKE MONSTERS @ SALT LAKE CITY BUZZ
09/04/2028
 
TOP OF THE 1ST
Vermont Lake Monsters batting - Pitching for Salt Lake City Buzz : RHP Caleb Sobieski
Pitching: RHP Caleb Sobieski
Batting: RHB Luis Rodríguez 0-0: Ball
1-0: Called Strike
1-1: Foul Ball, location: 2F
1-2: Ground out 5-3 (Groundball, 56)
Batting: RHB Rafael Pueblo 0-0: Ball
1-0: Ball
2-0: Foul Ball, location: 2F
2-1: Foul Ball, location: 2F
2-2: Ball
3-2: Strikes out looking
Batting: LHB Brad Tillman 0-0: Foul Ball, location: 2F
0-1: Ground out 5-3 (Groundball, 56S)
Top of the 1st over - 0 run(s), 0 hit(s), 0 error(s), 0 left on base; Vermont 0 - Salt Lake City 0
BOTTOM OF THE 1ST
Salt Lake City Buzz batting - Pitching for Vermont Lake Monsters : RHP Bill Lee
Pitching: RHP Bill Lee
Batting: RHB Alejandro Herrera 0-0: Ball
1-0: Ground out 6-3 (Groundball, 6)
Batting: LHB Randy Schlosser 0-0: Called Strike
0-1: Ball
1-1: Bunt for hit - play at first, batter OUT! 1-3
Batting: LHB Qi-zhen Loong 0-0: Ground out U3 (Groundball, 34)
Bottom of the 1st over - 0 run(s), 0 hit(s), 0 error(s), 0 left on base; Vermont 0 - Salt Lake City 0
TOP OF THE 2ND
Vermont Lake Monsters batting - Pitching for Salt Lake City Buzz : RHP Caleb Sobieski
Batting: RHB Zelmar Barajas 0-0: Ground out 5-3 (Groundball, 56S)
Batting: RHB Augusto Encarnación 0-0: Ground out 5-3 (Groundball, 56S)
Batting: LHB Arturo Gonzáles 0-0: Called Strike
0-1: SINGLE (Groundball, 4MD)
Batting: RHB Pedro Torres 0-0: SINGLE (Line Drive, 7S)
Arturo Gonzáles to second
Batting: SHB Enrico Mejía 0-0: Ball
1-0: Ball
2-0: Ball
3-0: Base on Balls
Arturo Gonzáles to third
Pedro Torres to second
Batting: RHB José Alcalá 0-0: SINGLE (Flyball, 8LS)
Arturo Gonzáles scores
Pedro Torres to third
Enrico Mejía to second
Batting: RHB Luis Rodríguez 0-0: Called Strike
0-1: Ball
1-1: Ball
2-1: Foul Ball, location: 2F
2-2: Foul Ball, location: 2F
2-2: DOUBLE (Flyball, 8LXD)
Pedro Torres scores
Enrico Mejía scores
José Alcalá to third
Runner from 3rd tries for Home, SAFE, no throw
Batting: RHB Rafael Pueblo 0-0: Called Strike
0-1: Ball
1-1: Ball
2-1: SINGLE (Groundball, 4MD)
Luis Rodríguez to third
Runner from 3rd tries for Home, SAFE, no throw
Batting: LHB Brad Tillman 0-0: Ball
1-0: Swinging Strike
1-1: Called Strike
1-2: Ball
Rafael Pueblo is caught stealing 2nd base
Top of the 2nd over - 5 run(s), 5 hit(s), 0 error(s), 0 left on base; Vermont 5 - Salt Lake City 0
BOTTOM OF THE 2ND
Salt Lake City Buzz batting - Pitching for Vermont Lake Monsters : RHP Bill Lee
Batting: RHB Curt Kenney 0-0: Called Strike
0-1: Ball
1-1: Swinging Strike
1-2: Foul Ball, location: 2F
1-2: Foul Ball, location: 2F
1-2: Ball
2-2: Ground out 6-3 (Groundball, 6)
Batting: RHB Justin MacPherson 0-0: Ball
1-0: Foul Ball, location: 2F
1-1: Called Strike
1-2: Ball
2-2: Ball
3-2: Foul Ball, location: 2F
3-2: Base on Balls
Batting: LHB Ángel Aguilar 0-0: Ball
1-0: Swinging Strike
1-1: Ball
2-1: Ball
3-1: Base on Balls
Justin MacPherson to second
Batting: SHB Pablo Coloa 0-0: Ball
1-0: Ball
2-0: Ground out 4-3 (Groundball, 4MS)
Justin MacPherson to third
Ángel Aguilar to second
Batting: RHB Vicente Cruz 0-0: Ball
Wild Pitch!
Justin MacPherson scores
Ángel Aguilar to third
1-0: Ball
2-0: Fly out, F9 (Flyball, 9LS)
Bottom of the 2nd over - 1 run(s), 0 hit(s), 0 error(s), 1 left on base; Vermont 5 - Salt Lake City 1
TOP OF THE 3RD
Vermont Lake Monsters batting - Pitching for Salt Lake City Buzz : RHP Caleb Sobieski
Batting: LHB Brad Tillman 0-0: Fly out, F7 (Flyball, 7)
Batting: RHB Zelmar Barajas 0-0: Fly out, F3 (Popup, 3L)
Batting: RHB Augusto Encarnación 0-0: Called Strike
0-1: Called Strike
0-2: Ball
1-2: Ball
2-2: Ball
3-2: Fly out, F8 (Flyball, 8RS)
Top of the 3rd over - 0 run(s), 0 hit(s), 0 error(s), 0 left on base; Vermont 5 - Salt Lake City 1
BOTTOM OF THE 3RD
Salt Lake City Buzz batting - Pitching for Vermont Lake Monsters : RHP Bill Lee
Batting: RHB Quigley Gibson 0-0: Ball
1-0: Ball
2-0: Fly out, F9 (Flyball, 89S)
Batting: RHB Alejandro Herrera 0-0: Called Strike
0-1: Foul Ball, location: 2F
0-2: Ball
1-2: Foul Ball, location: 2F
1-2: Foul Ball, location: 2F
1-2: Fly out, F8 (Flyball, 89D)
Batting: LHB Randy Schlosser 0-0: Ball
1-0: Foul Ball, location: 2F
1-1: Called Strike
1-2: Ground out U3 (Groundball, 3L)
Bottom of the 3rd over - 0 run(s), 0 hit(s), 0 error(s), 0 left on base; Vermont 5 - Salt Lake City 1
TOP OF THE 4TH
Vermont Lake Monsters batting - Pitching for Salt Lake City Buzz : RHP Caleb Sobieski
Batting: LHB Arturo Gonzáles 0-0: Ball
1-0: Called Strike
1-1: SINGLE (Flyball, 8LS)
Batting: RHB Pedro Torres 0-0: Called Strike
0-1: Ball
1-1: Called Strike
1-2: Ball
2-2: Fly out, F8 (Flyball, 8LM)
Batting: SHB Enrico Mejía 0-0: Ball
1-0: Ball
2-0: SINGLE (Groundball, 4D)
Arturo Gonzáles to second
Runner from 2nd tries for 3rd, SAFE, no throw
Batting: RHB José Alcalá 0-0: Ball
1-0: Ball
2-0: Foul Ball, location: 2F
2-1: Fly out, F9 (Flyball, 9LMF)
Runner from 3rd tags up, SCORES, no throw
Batting: RHB Luis Rodríguez 0-0: Swinging Strike
0-1: Fly out, F7 (Flyball, 78D)
Top of the 4th over - 1 run(s), 2 hit(s), 0 error(s), 1 left on base; Vermont 6 - Salt Lake City 1
BOTTOM OF THE 4TH
Salt Lake City Buzz batting - Pitching for Vermont Lake Monsters : RHP Bill Lee
Batting: LHB Qi-zhen Loong 0-0: Ball
1-0: Fly out, F3 (Line Drive, 34)
Batting: RHB Curt Kenney 0-0: Called Strike
0-1: Swinging Strike
0-2: Ball
1-2: Foul Ball, location: 2F
1-2: Ball
2-2: Foul Ball, location: 2F
2-2: Fly out, F9 (Flyball, 9S)
Batting: RHB Justin MacPherson 0-0: Foul Ball, location: 2F
0-1: Ball
1-1: Ball
2-1: Ground out 5-3 (Groundball, 56S)
Bottom of the 4th over - 0 run(s), 0 hit(s), 0 error(s), 0 left on base; Vermont 6 - Salt Lake City 1
TOP OF THE 5TH
Vermont Lake Monsters batting - Pitching for Salt Lake City Buzz : RHP Caleb Sobieski
Batting: RHB Rafael Pueblo 0-0: Called Strike
0-1: Reached via error on a dropped throw, E3
Batting: LHB Brad Tillman 0-0: Ball
1-0: Foul Ball, location: 2F
1-1: Foul Ball, location: 2F
1-2: Fly out, F6 (Line Drive, 6)
Batting: RHB Zelmar Barajas 0-0: Ball
1-0: Ball
2-0: Foul Ball, location: 2F
2-1: Ball
3-1: Called Strike
3-2: Strikes out swinging
Batting: RHB Augusto Encarnación 0-0: Ball
Rafael Pueblo steals 2nd base
1-0: Foul Ball, location: 2F
1-1: Fly out, F1 (Line Drive, 15)
Top of the 5th over - 0 run(s), 0 hit(s), 1 error(s), 1 left on base; Vermont 6 - Salt Lake City 1
BOTTOM OF THE 5TH
Salt Lake City Buzz batting - Pitching for Vermont Lake Monsters : RHP Bill Lee
Batting: LHB Ángel Aguilar 0-0: Foul Ball, location: 2F
0-1: Fly out, F7 (Flyball, 7S)
Batting: SHB Pablo Coloa 0-0: Swinging Strike
0-1: Ball
1-1: Ground out 4-3 (Groundball, 4M)
Batting: RHB Vicente Cruz 0-0: Ball
1-0: Ground out 4-3 (Groundball, 34)
Bottom of the 5th over - 0 run(s), 0 hit(s), 0 error(s), 0 left on base; Vermont 6 - Salt Lake City 1
TOP OF THE 6TH
Vermont Lake Monsters batting - Pitching for Salt Lake City Buzz : RHP Caleb Sobieski
Batting: LHB Arturo Gonzáles 0-0: Ball
1-0: Ground out 6-3 (Groundball, 6)
Batting: RHB Pedro Torres 0-0: Called Strike
0-1: Called Strike
0-2: Ball
1-2: Ball
2-2: Foul Ball, location: 2F
2-2: Strikes out swinging, 2-3 out at first.
Batting: SHB Enrico Mejía 0-0: Ground out 4-3 (Groundball, 4)
Top of the 6th over - 0 run(s), 0 hit(s), 0 error(s), 0 left on base; Vermont 6 - Salt Lake City 1
BOTTOM OF THE 6TH
Salt Lake City Buzz batting - Pitching for Vermont Lake Monsters : RHP Bill Lee
Batting: RHB Quigley Gibson 0-0: Called Strike
0-1: Ball
1-1: Foul Ball, location: 2F
1-2: Foul Ball, location: 2F
1-2: Ball
2-2: Foul Ball, location: 2F
2-2: Strikes out swinging
Batting: RHB Alejandro Herrera 0-0: Ball
1-0: Called Strike
1-1: Ball
2-1: Foul Ball, location: 2F
2-2: Foul Ball, location: 2F
2-2: Ball
3-2: Foul Ball, location: 2F
3-2: Foul Ball, location: 2F
3-2: Base on Balls
Batting: LHB Randy Schlosser 0-0: Ball
Alejandro Herrera is caught stealing 2nd base
1-0: Foul Ball, location: 2F
1-1: Swinging Strike
1-2: Strikes out looking
Bottom of the 6th over - 0 run(s), 0 hit(s), 0 error(s), 0 left on base; Vermont 6 - Salt Lake City 1
TOP OF THE 7TH
Vermont Lake Monsters batting - Pitching for Salt Lake City Buzz : RHP Caleb Sobieski
Batting: RHB José Alcalá 0-0: Called Strike
0-1: Swinging Strike
0-2: Ball
1-2: SINGLE (Groundball, 34D) (infield hit)
Batting: RHB Luis Rodríguez 0-0: Ball
1-0: Ball
2-0: Fielders Choice at 2nd, 5-4 (Groundball, 56)
Batting: RHB Rafael Pueblo 0-0: Called Strike
0-1: Fielders Choice at 2nd, 6-4 (Groundball, 56)
Batting: LHB Brad Tillman 0-0: Called Strike
0-1: SINGLE (Line Drive, 78M)
Rafael Pueblo to second
Batting: RHB Zelmar Barajas 0-0: Foul Ball, location: 2F
0-1: SINGLE (Line Drive, 7LM)
Rafael Pueblo to third
Brad Tillman to second
Runner from 3rd tries for Home, SAFE, no throw
Pitching: RHP Pedro Espinoza
Batting: RHB Augusto Encarnación 0-0: Called Strike
0-1: Swinging Strike
0-2: Foul Ball, location: 2F
0-2: Strikes out looking
Top of the 7th over - 1 run(s), 3 hit(s), 0 error(s), 2 left on base; Vermont 7 - Salt Lake City 1
BOTTOM OF THE 7TH
Salt Lake City Buzz batting - Pitching for Vermont Lake Monsters : RHP Bill Lee
Batting: LHB Qi-zhen Loong 0-0: Ground out 3-1 (Groundball, 34)
Batting: RHB Curt Kenney 0-0: Ball
1-0: Ground out 5-3 (Groundball, 56)
Batting: RHB Justin MacPherson 0-0: Ground out 6-3 (Groundball, 6)
Bottom of the 7th over - 0 run(s), 0 hit(s), 0 error(s), 0 left on base; Vermont 7 - Salt Lake City 1
TOP OF THE 8TH
Vermont Lake Monsters batting - Pitching for Salt Lake City Buzz : RHP Pedro Espinoza
Batting: LHB Arturo Gonzáles 0-0: Ball
1-0: Ground out 1-3 (Groundball, P)
Batting: RHB Pedro Torres 0-0: Ground out 5-3 (Groundball, 56S)
Batting: SHB Enrico Mejía 0-0: Ball
1-0: Fly out, F6 (Popup, 6D)
Top of the 8th over - 0 run(s), 0 hit(s), 0 error(s), 0 left on base; Vermont 7 - Salt Lake City 1
BOTTOM OF THE 8TH
Salt Lake City Buzz batting - Pitching for Vermont Lake Monsters : RHP Bill Lee
Batting: LHB Ángel Aguilar 0-0: SOLO HOME RUN (Flyball, 9D), Distance : 410 ft
Batting: SHB Pablo Coloa 0-0: Fly out, F8 (Flyball, 8LS)
Batting: RHB Vicente Cruz 0-0: Ball
1-0: Ball
2-0: Ball
3-0: Called Strike
3-1: Foul Ball, location: 2F
3-2: Base on Balls
Pitching: RHP Manuel Montés
Batting: RHB Quigley Gibson 0-0: Called Strike
0-1: Ball
1-1: Foul Ball, location: 2F
1-2: Ball
2-2: Foul Ball, location: 2F
2-2: Ball
3-2: Fly out, F8 (Flyball, 89M)
Batting: RHB Alejandro Herrera 0-0: Swinging Strike
0-1: Ball
1-1: Fielders Choice at 2nd, 5-4 (Groundball, 5)
Bottom of the 8th over - 1 run(s), 1 hit(s), 0 error(s), 0 left on base; Vermont 7 - Salt Lake City 2
TOP OF THE 9TH
Vermont Lake Monsters batting - Pitching for Salt Lake City Buzz : RHP Pedro Espinoza
Pitching: RHP Lorenzo López
Batting: RHB José Alcalá 0-0: Ball
1-0: Ball
2-0: SINGLE (Groundball, 34D)
Batting: RHB Luis Rodríguez 0-0: Ball
1-0: Called Strike
1-1: Ball
2-1: Called Strike
José Alcalá steals 2nd base
2-2: Strikes out swinging
Batting: RHB Rafael Pueblo 0-0: Called Strike
0-1: Ball
1-1: Fly out, F8 (Flyball, 78M)
Batting: LHB Brad Tillman 0-0: Ball
1-0: Fly out, F4 (Popup, 4MD)
Top of the 9th over - 0 run(s), 1 hit(s), 0 error(s), 1 left on base; Vermont 7 - Salt Lake City 2
BOTTOM OF THE 9TH
Salt Lake City Buzz batting - Pitching for Vermont Lake Monsters : RHP Manuel Montés
Batting: LHB Randy Schlosser 0-0: Ball
1-0: Swinging Strike
1-1: Swinging Strike
1-2: Ball
2-2: Ball
3-2: Foul Ball, location: 2F
3-2: Base on Balls
Pitching: RHP Rodas Aguilar
Batting: LHB Qi-zhen Loong 0-0: Swinging Strike
0-1: Ball
1-1: Ground out 4-3 (Groundball, 34D)
Randy Schlosser to second
Batting: RHB Curt Kenney 0-0: Ball
1-0: Called Strike
1-1: Hit by Pitch
Batting: RHB Justin MacPherson 0-0: Called Strike
0-1: Ball
1-1: Ball
2-1: Grounds into double play, 6-4-3 (Groundball, 6)
Bottom of the 9th over - 0 run(s), 0 hit(s), 0 error(s), 1 left on base; Vermont 7 - Salt Lake City 2
Thursday, August 31st, 2017 - OOTP Baseball 17.12 Build 75